 Dungeon Crawl Stone Soup version 0.28.0-53-g5a82cb258f (webtiles) character file.

Game seed: 7376416483484143675

3045 issech the Poker (level 9, -1/77 (78) HPs)
             Began as a Minotaur Monk on June 13, 2022.
             Slain by a manticore (12 damage)
             ... while paralysed by a vampire
             ... on level 7 of the Dungeon.
             The game lasted 00:32:06 (7492 turns).

issech the Poker (Minotaur Monk)                    Turns: 7492, Time: 00:32:07

HP:   -1/77 (78)    AC:  9    Str: 18    XL:     9   Next: 56%
MP:   8/8           EV:  2    Int: 11    God:
Gold: 282           SH:  0    Dex: 17    Spells: 8/8 levels left

rFire   . . .      SeeInvis .   B - +2 halberd (protect)
rCold   . . .      Faith    .   (shield currently unavailable)
rNeg    . . .      Spirit   .   z - +2 leather armour "Mut Inua" {rPois Str+2 Int+4}
rPois   +          Reflect  .   (helmet restricted)
rElec   .          Harm     .   r - +2 cloak
rCorr   .          Rampage  .   (no gloves)
Will    .....                   (no boots)
Stlth   +.........              K - amulet of regeneration
HPRegen 1.02/turn               l - ring of flight
MPRegen 0.11/turn               (no ring)

@: confused, paralysed, flying, lightly drained
A: horns 2, retaliatory headbutt
a: no special abilities


You were on level 7 of the Dungeon.
You visited 2 branches of the dungeon, and saw 8 of its levels.
You also visited: Bailey.

You collected 282 gold pieces.

Inventory:

Hand Weapons
 a - a +2 halberd of electrocution
 i - a +0 dagger of draining
 q - a +3 quarterstaff of chaos
 t - a +0 war axe
 v - a +1 dire flail of protection
 B - a +2 halberd of protection (weapon)
 G - a +0 shortbow
 I - a +0 long sword of holy wrath
 M - a +2 halberd of draining
 P - a +0 short sword of draining
 Q - a +2 war axe of freezing
Missiles
 c - 128 stones (quivered)
 j - 122 arrows
 E - 9 sling bullets
 L - 5 poisoned darts
 N - 16 bolts
Armour
 b - a +0 robe
 f - an orb of mayhem
 m - a +0 leather armour
 o - a +0 ring mail
 r - a +2 cloak (worn)
 u - a +0 scale mail
 z - the +2 leather armour "Mut Inua" (worn) {rPois Str+2 Int+4}
   (You found it on level 5 of the Dungeon)

   Str:       It affects your strength (+2).
   Int:       It affects your intelligence (+4).
   rPois:     It protects you from poison.
 A - a +0 plate armour
 O - a +0 chain mail
Magical Staves
 n - a staff of death
Jewellery
 l - a ring of flight (left hand)
 F - an amulet of faith
 K - an amulet of regeneration (around neck)
Wands
 p - a wand of polymorph (3)
 C - a wand of acid (13)
Scrolls
 d - 3 scrolls of teleportation
 g - 3 scrolls of noise
 k - 5 scrolls of identify
 y - 2 scrolls of fog
Potions
 e - a potion of mutation {unknown}
 h - 5 potions of heal wounds {unknown}
 s - 8 potions of brilliance
 w - a potion of haste
 x - 5 potions of resistance {unknown}
 D - 5 potions of might
 H - a potion of berserk rage {unknown}
 J - a potion of invisibility {unknown}


   Skills:
 + Level 6.8 Fighting
 + Level 5.6(8.3) Axes
 + Level 5.9(7.4) Maces & Flails
 + Level 7.2(8.5) Polearms
 + Level 3.6(7.1) Staves
 + Level 1.0 Throwing
 + Level 6.5 Armour
 + Level 5.9 Dodging
 + Level 3.3 Stealth
 + Level 1.2 Unarmed Combat


You had 8 spell levels left.
You didn't know any spells.
Your spell library contained the following spells:

 Spells                   Type           Power      Damage    Failure   Level
 Animate Skeleton         Necr           0%         N/A       38%         1
 Foxfire                  Conj/Fire      0%         2x1d4     38%         1
 Pain                     Necr           0%         1d4       38%         1
 Blink                    Tloc           0%         N/A       52%         2
 Sublimation of Blood     Necr           0%         N/A       52%         2
 Conjure Flame            Conj/Fire      0%         6-21      77%         3
 Inner Flame              Hex/Fire       0%         N/A       77%         3
 Portal Projectile        Hex/Tloc       0%         N/A       77%         3
 Vampiric Draining        Necr           0%         2d6       77%         3
 Airstrike                Air            0%         N/A       99%         4
 Flame Wave               Conj/Fire      0%         2d4       99%         4
 Petrify                  Tmut/Erth      0%         N/A       99%         4
 Summon Lightning Spire   Summ/Air       0%         N/A       99%         4
 Blade Hands              Tmut           0%         N/A       100%        5
 Excruciating Wounds      Necr           0%         N/A       100%        5
 Irradiate                Conj/Tmut      0%         3d13      100%        5
 Lightning Bolt           Conj/Air       0%         1d11      100%        5
 Manifold Assault         Tloc           0%         N/A       100%        5
 Storm Form               Tmut/Air       0%         N/A       100%        7


Dungeon Overview and Level Annotations

Branches:
Dungeon (7/15)             Temple (1/1) D:5          Bailey (visited)

Altars:
Ashenzari
Dithmenos
Elyvilon
Fedhas
Gozag
Kikubaaqudgha
Makhleb
Okawaru
Qazlal
Ru
Sif Muna
Uskayaw
Vehumet
Wu Jian
Xom
Zin
Lugonu

Shops:
D:6 :


Innate Abilities, Weirdness & Mutations

You have a pair of horns on your head.
You reflexively headbutt those who attack you in melee.


Message History

The manticore barely misses you. The manticore claws you!
The manticore claws you.
The vampire gestures at you while chanting.
You are more confused.
The manticore bites you! The manticore claws you.
The manticore claws you but does no damage.
You hit the manticore.
The manticore is lightly wounded.
You feel yourself speed up.
The vampire hits you but does no damage.
The vampire bites you but does no damage.
The manticore bites you.
The manticore claws you but does no damage. x2
You puncture the manticore!
The manticore is heavily wounded.
The vampire hits you!
The vampire bites you but does no damage.
The manticore closely misses you. x2; The manticore completely misses you.
You closely miss the vampire. The vampire casts a spell at you.
You are more confused.
The manticore bites you but does no damage.
The manticore claws you!
* * * LOW HITPOINT WARNING * * *
The manticore claws you but does no damage.
You closely miss the vampire.
The vampire zaps a wand.
You easily resist.
The manticore misses you. The manticore closely misses you.
The manticore claws you but does no damage.
The vampire gestures at you while chanting.
You resist with some effort.
There is an open door here.
The vampire zaps a wand.
You suddenly lose the ability to move!
The manticore bites you.
* * * LOW HITPOINT WARNING * * *
The manticore claws you.
* * * LOW HITPOINT WARNING * * *
The manticore claws you.
* * * LOW HITPOINT WARNING * * *
The manticore bites you!
You die...

#.# ###. ******** ****
##.######... ,,,,,,,*
****8,*###.........## ,,****,*
##,,+,,'.,##.#...##...
,,****,****#..8*,.#8..#....#.....
,,*,,,,,,,,#.####'###.#...#.###..
,,*,**,****#'#...,..#+###.### #..
,,,,,,,* #.########.#...# ##.
*,,,,,,** #..8#@.#8..#...# #.
*,,,,,,,* *#.[VH.'..##...## #.
*,*,***,* #####.8####.....# #.
*,*,,**,* #...#'###..#..#.# #.
*,**,**,* #####..#.#.)#..#.# #.
*,**,**,* #..........)...#.#####.
*,,,,,,,* #.....##.#.)#.#........
****,**** #......................
*,*****#.....###.###.#........


You could see a manticore and a vampire.

Vanquished Creatures
  Pikel (D:4)
  Sigmund (D:4)
  A wraith (D:7)
  A wyvern (D:7)
  Menkaure (D:7)
  Edmund (D:4)
  An ice beast (D:7)
  An orc warrior (Bailey)
  2 black bears
  3 necrophages
  An ogre (D:4)
  2 centaurs
  A kobold brigand (D:7)
  2 bullfrogs
  2 water moccasin skeletons
  A wight (D:7)
  A howler monkey (D:7)
  2 centaur zombies (D:5)
  A hound (D:7)
  3 jellies
  Crazy Yiuf (D:3)
  2 orc priests (D:4)
  A bullfrog skeleton (D:5)
  A centaur skeleton (D:7)
  3 iguanas
  A howler monkey skeleton (D:4)
  13 gnolls
  4 adders
  An ufetubus (D:6)
  An adder zombie (D:5)
  3 worms
  4 dart slugs
  25 orcs
  4 ball pythons
  5 bats
  7 endoplasms
  2 giant cockroaches
  6 goblins
  7 hobgoblins
  2 quokkas
  3 frilled lizards
  13 kobolds
  8 rats (D:1)
146 creatures vanquished.

Vanquished Creatures (others)
  4 fungi (D:3)
4 creatures vanquished.

Grand Total: 150 creatures vanquished

Notes
Turn   | Place    | Note
-------+----------+-------------------------------------------
     0 | D:1      | issech the Minotaur Monk began the quest for the Orb.
     0 | D:1      | Reached XP level 1. HP: 19/19 MP: 0/0
   113 | D:1      | Reached XP level 2. HP: 24/27 MP: 1/1
   308 | D:1      | Found a faded altar of an unknown god.
   736 | D:2      | Reached XP level 3. HP: 32/33 MP: 2/2
  1583 | D:3      | Found a shimmering blue altar of Sif Muna.
  1767 | D:3      | Noticed a +0 falchion
  1768 | D:3      | Noticed a +0 dagger
  1770 | D:3      | Noticed a +0 falchion
  1770 | D:3      | Noticed a +0 short sword
  1771 | D:3      | Noticed a +0 spear
  1771 | D:3      | Noticed a +0 dagger
  1772 | D:3      | Noticed a +0 spear
  1772 | D:3      | Noticed a +0 short sword
  1774 | D:3      | Found a hide-covered altar of Uskayaw.
  1780 | D:3      | Reached XP level 4. HP: 34/40 MP: 3/3
  2044 | D:3      | Found an ancient bone altar of Kikubaaqudgha.
  2228 | D:3      | Found an iron altar of Okawaru.
  2887 | D:3      | Found a runed translucent door.
  2888 | D:3      | Noticed Crazy Yiuf
  2903 | D:3      | Killed Crazy Yiuf
  2904 | D:3      | Reached skill level 5 in Axes
  3108 | D:4      | Reached skill level 1 in Armour
  3108 | D:4      | Reached XP level 5. HP: 37/47 MP: 4/4
  3342 | D:4      | Noticed Edmund
  3364 | D:4      | Noticed an ogre
  3390 | D:4      | Killed an ogre
  3391 | D:4      | Reached skill level 1 in Staves
  3391 | D:4      | Reached XP level 6. HP: 26/53 MP: 5/5
  3623 | D:4      | Killed Edmund
  3921 | D:4      | Noticed Pikel
  3921 | D:4      | Noticed Sigmund
  3937 | D:4      | Killed Pikel
  3938 | D:4      | Reached skill level 5 in Fighting
  3938 | D:4      | Reached skill level 5 in Dodging
  3938 | D:4      | Reached skill level 1 in Unarmed Combat
  3938 | D:4      | Reached XP level 7. HP: 23/61 MP: 6/6
  4170 | D:4      | Killed Sigmund
  4171 | D:4      | Reached skill level 5 in Armour
  4171 | D:4      | Reached XP level 8. HP: 65/69 MP: 7/7
  4369 | D:4      | Found a burning altar of Makhleb.
  4369 | D:4      | Noticed a blizzard demon
  4373 | D:4      | Noticed a hellwing
  4576 | D:4      | Found a radiant altar of Vehumet.
  4631 | D:5      | Entered Level 5 of the Dungeon
  4698 | D:5      | Identified the +2 leather armour "Mut Inua" {rPois Str+2
                  | Int+4}
  4743 | D:5      | Found a glowing silver altar of Zin.
  4989 | D:5      | Found a white marble altar of Elyvilon.
  5010 | D:5      | Found a staircase to the Ecumenical Temple.
  5024 | Temple   | Entered the Ecumenical Temple
  5259 | D:5      | Reached skill level 1 in Polearms
  5384 | D:5      | Found a broken altar of Ashenzari.
  5491 | D:6      | Found Eburoody's Book Shoppe.
  5496 | D:6      | Reached skill level 5 in Maces & Flails
  5515 | D:6      | Reached skill level 2 in Polearms
  5683 | D:6      | Found a sacrificial altar of Ru.
  5985 | D:7      | Noticed Menkaure
  5993 | D:7      | Killed Menkaure
  5994 | D:7      | Reached skill level 3 in Polearms
  6001 | D:7      | Reached XP level 9. HP: 5/75 MP: 8/8
  6002 | D:7      | HP: 3/73 [necrophage (1)]
  6005 | D:7      | Reached skill level 4 in Polearms
  6123 | D:7      | Reached skill level 5 in Polearms
  6136 | D:7      | HP: 2/78 [hobgoblin/+0 spear (5)]
  6211 | D:7      | Found a flagged portal.
  6228 | Bailey   | Entered a bailey
  7351 | D:7      | Reached skill level 6 in Polearms
  7351 | D:7      | Reached skill level 1 in Throwing
  7463 | D:7      | Noticed a manticore
  7482 | D:7      | Reached skill level 7 in Polearms
  7491 | D:7      | Paralysed by a vampire for 7 turns
  7492 | D:7      | Slain by a manticore

Illustrated notes

Levels and vault maps discovered:
D:1:      dpeg_arrival_water_temple_mockup, layout_rooms,
          chequers_ecumenical_altar_island
D:2:      layout_basic
D:3:      layout_loops_corners, nicolae_uskayaw_en_pointe,
          mainiacjoe_overflow_tiny_flanked, mainiacjoe_overflow_cross_hatched,
          kennysheep_flooded_box, uniq_crazy_yiuf_cottage
D:4:      layout_basic, makhleb_altar_promises_db, lemuel_round_altar,
          uniq_pikel, uniq_sigmund, uniq_edmund
D:5:      layout_cave_pools, zin_academy, marbit_many_paths,
          mainiacjoe_overflow_catwalk, minmay_temple_entry_grid,
          minmay_crystal_room
D:6:      layout_cave_pools, nicolae_ru_awakened_eye, serial_shops, shop
D:7:      minmay_chambers_of_sixes, layout_loops_cross,
          nicolae_tso_besieged_by_evil, enter_bailey_4,
          minmay_fractal_squares_gapless_5, uniq_joseph, uniq_menkaure
Temple:   corrupted_temple

Skill      XL: |  1  2  3  4  5  6  7  8  9 |
---------------+----------------------------+-----
Axes           | 4 5 |  5.6
Fighting       | 4 5 6 |  6.8
Dodging        | 4 5 |  5.9
Stealth        | 2 3 |  3.3
Armour         | 1 2 4 5 6 |  6.5
Staves         | 1 3 |  3.6
Maces & Flails | 2 5 |  5.9
Unarmed Combat | 1 |  1.2
Polearms       | 3 7 |  7.2
Throwing       | 1 |  1.0

Action                   |  1- 3 |  4- 6 |  7- 9 || total
-------------------------+-------+-------+-------++-------
Melee: Hand axe          |    98 |    34 |       ||   132
       Headbutt          |     8 |    16 |    40 ||    64
       Punch             |     2 |     1 |       ||     3
       Unarmed           |       |     7 |       ||     7
       Quarterstaff      |       |    19 |       ||    19
       Dire flail        |       |    17 |    42 ||    59
       Halberd           |       |       |   182 ||   182
Throw: Stone             |       |       |    65 ||    65
  Use: Scroll            |       |     2 |     4 ||     6
       Potion            |       |       |     2 ||     2
 Stab: Sleeping          |       |     1 |     6 ||     7
Armor: Robe              |    19 |       |       ||    19
       Leather armour    |       |     7 |    82 ||    89
       Ring mail         |       |     2 |       ||     2
       Skin              |       |     1 |       ||     1
       Scale mail        |       |    18 |    12 ||    30
Dodge: Dodged            |    63 |    40 |   203 ||   306
